 Dungeon Crawl Stone Soup version 0.17.1-1-g73c8601 (webtiles) character file.

75 HughJohnson the Slasher (level 4, 0/40 HPs)
             Began as a Deep Dwarf Fighter on Dec 21, 2015.
             Slain by Gargoyl's ghost (1 damage)
             ... on level 3 of the Dungeon.
             The game lasted 00:04:14 (1463 turns).

HughJohnson the Slasher (Deep Dwarf Fighter)        Turns: 1463, Time: 00:04:15

Health: 0/40       AC: 10    Str: 20    XL:     4   Next: 11%
Magic:  4/4        EV:  7    Int:  9    God:
Gold:   126        SH:  9    Dex: 12    Spells: 0 memorised, 3 levels left

rFire  . . .     SeeInvis .     a - +0 long sword
rCold  . . .     Clarity  .     b - +0 scale mail
rNeg   . . .     SustAt   .     c - +0 shield
rPois  .         Gourm    .     (no helmet)
rElec  .         Spirit   .     (no cloak)
rCorr  .         Warding  .     h - +1 pair of gloves
rMut   .         Stasis   .     p - +0 pair of boots
MR     .....                    (no amulet)
Stlth  ..........               (no ring)
                                (no ring)

@: non-regenerating, not resistant to hostile enchantments, extremely unstealthy
A: damage resistance, recharge devices, sense surroundings 1, slow regeneration
3
a: Device Recharging


You were on level 3 of the Dungeon.
You were not hungry.

You visited 1 branch of the dungeon, and saw 3 of its levels.

You collected 126 gold pieces.

Inventory:

Hand Weapons
 a - a +0 long sword (weapon)
Missiles
 q - 13 bolts
Armour
 b - a +0 scale mail (worn)
 c - a +0 shield (worn)
 h - a +1 pair of gloves (worn)
 p - a +0 pair of boots (worn)
Wands
 e - a wand of heal wounds (5)
Scrolls
 g - a scroll of random uselessness {unknown}
 i - 5 scrolls of identify {unknown}
 m - 2 scrolls of remove curse {unknown}
 o - a scroll of immolation {unknown}
 s - a scroll of amnesia {unknown}
 t - a scroll of noise {unknown}
Potions
 d - 3 potions of might
 j - a potion of brilliance {unknown}
 k - 2 potions of curing {unknown}
Comestibles
 f - 2 bread rations
 l - a slice of pizza
 n - a beef jerky
 r - a chunk of flesh


   Skills:
 - Level 2.6 Fighting
 + Level 4.4 Long Blades
 - Level 3.2 Armour
 - Level 3.2 Shields


You had 3 spell levels left.
You didn't know any spells.

Dungeon Overview and Level Annotations

Branches:
Dungeon (3/15)

Altars:
Ru

Annotations:
D:3 Gargoyl's ghost, amateur DsAK


Innate Abilities, Weirdness & Mutations

You are resistant to damage.
You can recharge devices by infusing magical energy.
You passively map a small area around you.
You do not regenerate naturally.


Message History

Unknown command.
You hit Gargoyl's ghost but do no damage.
Gargoyl's ghost is moderately damaged.
The bat barely misses you. The bat hits you but does no damage.
Gargoyl's ghost shouts, "What do you have that I didn't have?"
Gargoyl's ghost closely misses you.
You hit Gargoyl's ghost but do no damage.
Gargoyl's ghost is moderately damaged.
The bat hits you but does no damage. Gargoyl's ghost hits you.
* * * LOW HITPOINT WARNING * * *
Gargoyl's ghost burns you.
Gargoyl's ghost hits you but does no damage.
You hit Gargoyl's ghost.
Gargoyl's ghost is moderately damaged.
You block the bat's attack. You block Gargoyl's ghost's attack.
You slash Gargoyl's ghost!
Gargoyl's ghost is heavily damaged.
You block the bat's attack. x2
Gargoyl's ghost hits you.
You die...

,
(....#**
, .....#
* **
,....#* *
....#
###.#.#
,**
#...#.# ,
, #...#b#
* *
#...W@#
#...#.#**
*
#...#...
,
#####)###
, ,, *
#.# , ,,,
#.# * , ,
#.# * , ,
, #.#** ,
, *


You could see Gargoyl's ghost and a bat.

Vanquished Creatures
  4 adders (D:2)
  A gnoll (D:1)
  2 giant geckos (D:1)
  A ball python (D:2)
  4 hobgoblins
  2 kobolds (D:1)
  A quokka (D:2)
  4 bats (D:1)
  A giant cockroach (D:1)
  A giant newt (D:2)
  5 goblins
  7 rats
33 creatures vanquished.

Notes
Turn   | Place    | Note
--------------------------------------------------------------
     0 | D:1      | HughJohnson the Deep Dwarf Fighter began the quest for the Orb.
     0 | D:1      | Reached XP level 1. HP: 20/20 MP: 1/1
   138 | D:1      | Reached XP level 2. HP: 25/27 MP: 2/2
   410 | D:1      | Reached XP level 3. HP: 23/33 MP: 3/3
   711 | D:2      | Reached skill level 4 in Long Blades
   842 | D:2      | Found a sacrificial altar of Ru.
  1300 | D:2      | Reached XP level 4. HP: 24/40 MP: 4/4
  1450 | D:3      | Noticed Gargoyl's ghost (amateur DsAK)
  1459 | D:3      | HP: 2/40 [Gargoyl's ghost (3)]
  1463 | D:3      | Slain by Gargoyl's ghost

Action                   |  1- 3 |  4- 6 || total
-------------------------+-------+-------++-------
Melee: Long sword        |   109 |    10 ||   119
  Eat: Chunk             |     1 |     1 ||     2
